 Dungeon Crawl Stone Soup version 0.30-a0-672-gc3a7216ad8 (webtiles) character file.

Game seed: 8851106405741340590

141 Leeroy the Slasher (level 5, -1/30 HPs)
             Began as a Tengu Warper on Jan 18, 2023.
             Slain by Menkaure (10 damage)
             ... on level 4 of the Dungeon.
             The game lasted 00:03:10 (2763 turns).

Leeroy the Slasher (Tengu Warper)                   Turns: 2763, Time: 00:03:11

Health: -1/30      AC:  3    Str: 11    XL:     5   Next: 24%
Magic:  9/9        EV: 14    Int: 14    God:
Gold:   129        SH:  0    Dex: 15    Spells: 6/8 levels left

rFire   + . .      SeeInvis .    a - +0 falchion
rCold   x . .      Faith    .    (no shield)
rNeg    . . .      Spirit   .    b - +0 leather armour
rPois   .          Reflect  .    (helmet restricted)
rElec   .          Harm     .    (no cloak)
rCorr   .          Rampage  .    (no gloves)
Will    .....                    (boots unavailable)
Stlth   +                        (no amulet)
HPRegen 0.25/turn                h - ring of fire
MPRegen 0.11/turn                (no ring)

@: confused, ambrosia-drunk, flying quickly and evasively, quick
A: beak, talons 3, nimble flight
a: no special abilities


You were on level 4 of the Dungeon.
You visited 1 branch of the dungeon, and saw 4 of its levels.

You collected 129 gold pieces.

Inventory:

Hand Weapons
 a - a +0 falchion (weapon)
 f - a +4 sling
 t - a +2 dagger of venom
 u - a +1 rapier of venom
Missiles
 d - 7 boomerangs of dispersal (quivered)
Armour
 b - a +0 leather armour (worn)
 j - a +0 ring mail
 r - a +2 kite shield
Magical Staves
 g - a staff of cold
Jewellery
 h - a ring of fire (left hand)
 s - a ring of ice
 F - a ring of wizardry
Wands
 A - a wand of roots (14)
 C - a wand of acid (13)
Scrolls
 c - 2 scrolls of blinking
 e - 4 scrolls of identify {unknown}
 i - a scroll of immolation {unknown}
 l - 2 scrolls of noise {unknown}
 m - 3 scrolls of teleportation {unknown}
 n - a scroll of vulnerability {unknown}
 x - a scroll of amnesia {unknown}
 y - a scroll of fog {unknown}
 z - a scroll of magic mapping {unknown}
Potions
 o - a potion of magic {unknown}
 p - a potion of heal wounds {unknown}
 q - a potion of flight {unknown}
 v - a potion of lignification {unknown}
 w - a potion of attraction {unknown}
 B - a potion of brilliance {unknown}
 D - a potion of mutation {unknown}
 E - a potion of might {unknown}


   Skills:
 - Level 2.0 Fighting
 + Level 5.8 Long Blades
 - Level 1.0 Throwing
 - Level 1.1 Armour
 - Level 2.1 Dodging
 - Level 2.0 Spellcasting
 - Level 2.4 Translocations


You had 6 spell levels left.
You knew the following spells:

 Your Spells              Type           Power      Damage    Failure   Level
a - Blink                 Tloc           16%        N/A       19%         2

Your spell library contained the following spells:

 Spells                   Type           Power      Damage    Failure   Level
 Lesser Beckoning         Tloc           16%        N/A       19%         2
 Shock                    Conj/Air       4%         1d3       30%         1
 Teleport Other           Tloc           8%         N/A       34%         3
 Ensorcelled Hibernation  Hex/Ice        2%         N/A       43%         2
 Passwall                 Tmut/Erth      0%         N/A       43%         2
 Vhi's Electric Charge    Tloc/Air       8%         N/A       50%         3
 Swiftness                Air            1%         N/A       67%         3
 Manifold Assault         Tloc           8%         N/A       75%         4
 Airstrike                Air            0%         2d(1-17)  97%         4


Dungeon Overview and Level Annotations

Branches:
Dungeon (4/15)
 Temple: D:4-7

Altars:
Ashenzari
Cheibriados
Gozag
Qazlal
Ru
Sif Muna

Shops:
D:3 (

Annotations:
D:4 Menkaure


Innate Abilities, Weirdness & Mutations

You have a beak for a mouth.
You have claws for feet.
Your magical nature lets you fly swiftly and evasively.


Message History

Menkaure barely misses you.
You hit Menkaure. You peck Menkaure, but do no damage.
Menkaure is moderately damaged.
Menkaure hits you.
You hit Menkaure but do no damage.
Menkaure is moderately damaged.
Menkaure hits you but does no damage.
You closely miss Menkaure.
Menkaure is moderately damaged.
Menkaure calls on the powers of darkness!
Your body is wracked with pain!
Menkaure hits you.
* * * LOW HITPOINT WARNING * * *
You barely miss Menkaure. You claw Menkaure.
Menkaure is moderately damaged.
Menkaure barely misses you.
It was a potion of ambrosia.
You are confused.
You feel invigorated.
Menkaure gestures at you while chanting.
Pain shoots through your body!
Okay, then.
You barely miss Menkaure.
Menkaure is moderately damaged.
Menkaure calls on the powers of darkness!
Your body is wracked with pain!
* * * LOW HITPOINT WARNING * * *
You hit Menkaure. Your kick misses Menkaure.
Menkaure is heavily damaged.
Menkaure calls on the powers of darkness!
Your body is wracked with pain!
* * * LOW HITPOINT WARNING * * *
You hit Menkaure. Your kick misses Menkaure.
Menkaure is heavily damaged.
Menkaure misses you. Menkaure closely misses you.
You bump into the rock wall.
Menkaure casts a spell at you. Pain shoots through your body!
* * * LOW HITPOINT WARNING * * *
Menkaure hits you!
You die...

##. ######.....#.
........#..#.. ..#........##
......... ..##...#..#......
#....... #......#.##......
##..... ##................
#...... #....#..#......#..
.##.....####....#..####...##.
.........#.#..#..(>..##..####
#.....†....M@#..#.....##.####
...........#.##.#.........#.#
.........###.##..............
.........# #............##...
.......... #.#..##......##...
#.....###..####.##..)........
#..... ........##...)......
#....# #.. #...............
..#. .#..###.............


You could see Menkaure (fast).

Vanquished Creatures
  An orc wizard (D:3)
  3 gnolls (D:3)
  4 adders
  2 worms (D:2)
  A dart slug (D:1)
  5 ball pythons
  6 endoplasms
  2 giant cockroaches (D:3)
  4 goblins
  5 hobgoblins
  6 kobolds
  3 quokkas
  A bat (D:1)
  A frilled lizard (D:3)
  2 rats (D:3)
46 creatures vanquished.

Vanquished Creatures (others)
  A plant (D:3)
1 creature vanquished.

Grand Total: 47 creatures vanquished

Notes
Turn   | Place    | Note
-------+----------+-------------------------------------------
     0 | D:1      | Leeroy the Tengu Warper began the quest for the Orb.
     0 | D:1      | Reached XP level 1. HP: 12/12 MP: 4/4
   525 | D:1      | Reached skill level 3 in Long Blades
   525 | D:1      | Reached XP level 2. HP: 8/17 MP: 6/6
   812 | D:2      | Learned a level 2 spell: Blink
  1109 | D:2      | Reached XP level 3. HP: 15/21 MP: 7/7
  1250 | D:2      | Reached skill level 4 in Long Blades
  1641 | D:3      | Found an opulent altar of Gozag.
  1645 | D:3      | Reached XP level 4. HP: 26/26 MP: 8/8
  1912 | D:3      | Found Omawarav's Antique Weapon Emporium.
  1982 | D:3      | Found a sacrificial altar of Ru.
  1993 | D:3      | Reached skill level 5 in Long Blades
  2349 | D:3      | Gained mutation: Your magical nature lets you fly swiftly
                  | and evasively. [Tengu growth]
  2349 | D:3      | Reached XP level 5. HP: 30/30 MP: 9/9
  2466 | D:3      | Found a shimmering blue altar of Sif Muna.
  2601 | D:4      | Found a snail-covered altar of Cheibriados.
  2700 | D:4      | Found a broken altar of Ashenzari.
  2703 | D:4      | Found a stormy altar of Qazlal.
  2738 | D:4      | Noticed Menkaure
  2763 | D:4      | Slain by Menkaure

Illustrated notes

Levels and vault maps discovered:
D:1:      matt_arrival_grand_opening, layout_basic,
          chequers_serial_rivers_micro_d
D:2:      layout_basic
D:3:      layout_loops_cross, nicolae_ru_great_annihilating_truth,
          grunt_gozag_breadcrumbs, lemuel_blue_sif_altar, serial_shops,
          nicolae_shop_overgrown_old_shop, nicolae_kite_square_tiling_tiny,
          kennysheep_doodads, nicolae_figureground_pulse
D:4:      layout_cave_pools, cheibriados_altar_1, grunt_temple_overflow_open,
          minivault_5, grunt_ministairs_8, uniq_menkaure

Skill      XL: |  1  2  3  4 |
---------------+-------------+-----
Long Blades    | 3 4 5 |  5.8
Fighting       | |  2.0
Throwing       | |  1.0
Armour         | |  1.1
Dodging        | |  2.1
Spellcasting   | |  2.0
Translocations | |  2.4

Action                   |  1- 3 |  4- 6 || total
-------------------------+-------+-------++-------
Melee: Falchion          |    60 |     7 ||    67
       Kick              |    15 |    16 ||    31
       Peck              |     9 |     7 ||    16
       Rapier            |     4 |    50 ||    54
  Use: Scroll            |       |     1 ||     1
       Potion            |       |     1 ||     1
 Stab: Paralysed         |       |     1 ||     1
       Sleeping          |       |     1 ||     1
Armor: Ring mail         |    24 |       ||    24
       Leather armour    |     1 |    10 ||    11
Dodge: Dodged            |    39 |    32 ||    71

Table legend: (Time is in decaauts)
 A = Elapsed time spent in this place.
 B = Non-inter-level travel time spent in this place.
 C = Inter-level travel time spent in this place.
 D = Time resting spent in this place.
 E = Time spent auto-exploring this place.
 F = Levels seen in this place.
 G = Mean time per level.
                   A        B        C        D        E       F      G
               +--------+--------+--------+--------+--------+-----+--------+
         Total |   2741 |   2584 |    157 |     26 |   2112 |   4 |  685.2 |
       Dungeon |   2741 |   2584 |    157 |     26 |   2112 |   4 |  685.2 |
               +--------+--------+--------+--------+--------+-----+--------+

Top non-repeatable levels by time:
     D:2: 985 daAuts
     D:3: 909 daAuts
     D:1: 690 daAuts
     D:4: 156 daAuts
